 Dungeon Crawl Stone Soup version 0.17.0-23-g0de4337 (webtiles) character file.

357 JudasIscariot the Chopper (level 6, 0/49 HPs)
             Began as a Demonspawn Berserker on Nov 14, 2015.
             Was a Priest of Trog.
             Shot with an arrow by a centaur (6 damage)
             ... on level 4 of the Dungeon.
             The game lasted 00:07:11 (2305 turns).

JudasIscariot the Chopper (Demonspawn Berserker)    Turns: 2305, Time: 00:07:12

Health: 0/49       AC: 10    Str: 19    XL:     6   Next: 37%
Magic:  6/6        EV:  8    Int:  8    God:    Trog [***...]
Gold:   28         SH:  0    Dex: 13    Spells: 0 memorised, 5 levels left

rFire  . . .     SeeInvis .     d - +1 hand axe (venom)
rCold  . . .     Clarity  .     j - +0 chain mail
rNeg   . . .     SustAt   .     (no shield)
rPois  .         Gourm    .     (helmet restricted)
rElec  .         Spirit   .     m - +0 cloak
rCorr  .         Warding  .     (no gloves)
rMut   .         Stasis   .     (no boots)
MR     .....                    (no amulet)
Stlth  ..........               (no ring)
                                (no ring)

@: not resistant to hostile enchantments, extremely unstealthy
A: horns 1, demonic guardian 1
a: Berserk, Trog's Hand, Burn Spellbooks, Renounce Religion


You were on level 4 of the Dungeon.
You worshipped Trog.
Trog was most pleased with you.
You were hungry.

You visited 1 branch of the dungeon, and saw 4 of its levels.

You collected 28 gold pieces.

Inventory:

Hand Weapons
 a - a +0 hand axe
 d - a +1 hand axe of venom (weapon)
Armour
 e - a +0 helmet
 j - a +0 chain mail (worn)
 m - a +0 cloak (worn)
Jewellery
 n - an uncursed ring of stealth {unknown}
Wands
 k - a wand of slowing (13)
Scrolls
 h - a scroll of magic mapping {unknown}
 i - 2 scrolls of remove curse {unknown}
 l - a scroll of teleportation {unknown}
 o - a scroll of identify {unknown}
 r - a scroll of random uselessness {unknown}
Potions
 b - 2 potions of mutation {unknown}
 f - a potion of curing {unknown}
 g - a potion of flight {unknown}
 q - a potion of resistance {unknown}
 s - a potion of brilliance {unknown}
 t - a potion of haste {unknown}
Comestibles
 c - 4 bread rations
 p - a meat ration


   Skills:
 * Level 4.3 Fighting
 * Level 4.5 Axes
 * Level 3.6 Armour
 - Level 1.7 Dodging
 - Level 0.2 Stealth
 * Level 1.3 Evocations


You had 5 spell levels left.
You didn't know any spells.

Dungeon Overview and Level Annotations

Branches:
Dungeon (4/15)
 Temple: D:4-7

Altars:
Cheibriados
Fedhas


Innate Abilities, Weirdness & Mutations

You have a pair of small horns on your head.
A weak demonic guardian rushes to your aid.


Message History

You hit the bush but do no damage.
The bush looks even sicker.
The bush is lightly damaged.
You hit the bush but do no damage. x2
You hit the bush.
The bush is lightly damaged.
You hit the bush.
The bush is lightly damaged.
Your quasit bites the bush but does no damage.
Your quasit claws the bush but does no damage. x2
The centaur shoots an arrow.
The arrow hits you.
* * * LOW HITPOINT WARNING * * *
Your quasit bites the bush but does no damage.
Your quasit claws the bush but does no damage. x2
You swap places.
The centaur shoots an arrow.
The arrow hits you.
* * * LOW HITPOINT WARNING * * *
Your quasit bites the bush.
Your quasit claws the bush but does no damage.
Your quasit completely misses the bush.
The centaur shoots an arrow.
The arrow hits you.
You die...

.... #..
....# ####
... ....
##..### ....
...##......
...
#..#...PPPP..
#.....PcPPP
##.##.PP_PP
#.(((.@5PP
#.##..PPP..#
##.##......##
#..#########
#.## ##.#
#.## ##.#
#..#


You could see a centaur and a friendly quasit.

Vanquished Creatures
  Eustachio (D:4)
  A scorpion (D:4)
  The ghost of JudasIscariot the Skirmisher, a weakling DsFi (D:3)
  Crazy Yiuf (D:2)
  4 adders
  3 worms (D:2)
  A giant gecko (D:2)
  2 orcs
  11 hobgoblins
  A ball python (D:2)
  6 bats
  2 giant cockroaches (D:1)
  4 giant newts
  13 goblins
  7 jackals
  7 kobolds
  5 rats
70 creatures vanquished.

Vanquished Creatures (collateral kills)
  A worm (D:4)
  A jackal (D:3)
  A kobold (D:3)
3 creatures vanquished.

Grand Total: 73 creatures vanquished

Notes
Turn   | Place    | Note
--------------------------------------------------------------
     0 | D:1      | JudasIscariot the Demonspawn Berserker began the quest for the Orb.
     0 | D:1      | Reached XP level 1. HP: 18/18 MP: 1/1
   207 | D:1      | Gained mutation: A weak demonic guardian rushes to your aid. [demonic ancestry]
   207 | D:1      | Reached XP level 2. HP: 20/24 MP: 2/2
   875 | D:1      | Reached ** piety under Trog
   955 | D:2      | Reached XP level 3. HP: 22/30 MP: 3/3
  1072 | D:2      | Found a snail-covered altar of Cheibriados.
  1194 | D:2      | Reached XP level 4. HP: 16/37 MP: 4/4
  1435 | D:2      | Noticed Crazy Yiuf
  1448 | D:2      | Killed Crazy Yiuf
  1624 | D:2      | Reached *** piety under Trog
  1624 | D:2      | Reached skill level 4 in Fighting
  1782 | D:3      | Noticed JudasIscariot's ghost (weakling DsFi)
  1802 | D:3      | Killed JudasIscariot's ghost
  1802 | D:3      | Reached XP level 5. HP: 18/42 MP: 5/5
  1998 | D:3      | You fall through a shaft!
  2005 | D:4      | Reached skill level 1 in Evocations
  2027 | D:4      | Noticed Eustachio
  2044 | D:4      | Killed Eustachio
  2044 | D:4      | Gained mutation: You have a pair of small horns on your head. [demonic ancestry]
  2044 | D:4      | Reached XP level 6. HP: 17/48 MP: 6/6
  2295 | D:4      | Found a blossoming altar of Fedhas.
  2295 | D:4      | Noticed a centaur
  2305 | D:4      | Shot with an arrow by a centaur

Action                   |  1- 3 |  4- 6 || total
-------------------------+-------+-------++-------
Melee: Hand axe          |    97 |    92 ||   189
Invok: Trog's Hand       |       |     2 ||     2
       Berserk           |       |     1 ||     1
  Eat: Chunk             |     1 |     4 ||     5
